 Dungeon Crawl Stone Soup version 0.30-a0-365-ge7f957f1db (webtiles) character file.

Game seed: 1272528298522646954

130 Essalna the Gusty (level 5, 0/31 HPs)
             Began as a Tengu Air Elementalist on Nov 17, 2022.
             Slain by a mummy (16 damage)
             ... in an ossuary.
             The game lasted 00:06:35 (3002 turns).

Essalna the Gusty (Tengu Air Elementalist)          Turns: 3002, Time: 00:06:36

Health: 0/31       AC:  3    Str:  8    XL:     5   Next: 14%
Magic:  1/9        EV: 14    Int: 18    God:
Gold:   96         SH:  0    Dex: 14    Spells: 7/8 levels left

rFire   . . .      SeeInvis .    f - staff of earth
rCold   . . .      Faith    .    (no shield)
rNeg    . . .      Spirit   .    a - +0 robe
rPois   .          Reflect  .    (helmet restricted)
rElec   .          Harm     .    p - +0 cloak
rCorr   .          Rampage  .    (no gloves)
Will    .....                    (boots unavailable)
Stlth   ++........               (no amulet)
HPRegen 0.25/turn                (no ring)
MPRegen 0.11/turn                (no ring)

@: flying quickly and evasively, quick
A: beak, talons 3, nimble flight
a: no special abilities


You were in an ossuary.
You visited 1 branch of the dungeon, and saw 4 of its levels.
You also visited: Ossuary.

You collected 96 gold pieces.

Inventory:

Armour
 a - a +0 robe (worn)
 p - a +0 cloak (worn)
Magical Staves
 f - a staff of earth (weapon)
Wands
 q - a wand of polymorph (5)
Scrolls
 d - a scroll of fear {unknown}
 i - 2 scrolls of identify
 j - a scroll of brand weapon {unknown}
 l - a scroll of amnesia {unknown}
Potions
 b - a potion of magic
 e - a potion of resistance {unknown}
 g - a potion of cancellation {unknown}
 h - a potion of brilliance {unknown}
 k - 2 potions of flight {unknown}
 m - a potion of lignification {unknown}
 n - a potion of degeneration {unknown}
 o - a potion of might {unknown}


   Skills:
 + Level 2.5 Fighting
 - Level 2.1 Dodging
 - Level 2.0 Stealth
 - Level 2.0 Spellcasting
 + Level 3.7 Conjurations
 + Level 5.3 Air Magic


You had 7 spell levels left.
You knew the following spells:

 Your Spells              Type           Power      Damage    Failure   Level
a - Shock                 Conj/Air       72%        1d7       2%          1

Your spell library contained the following spells:

 Spells                   Type           Power      Damage    Failure   Level
 Static Discharge         Conj/Air       36%        2-4/arc   4%          2
 Swiftness                Air            21%        N/A       6%          3
 Vhi's Electric Charge    Tloc/Air       22%        N/A       19%         3
 Airstrike                Air            10%        2d(2-18)  21%         4
 Portal Projectile        Hex/Tloc       2%         N/A       47%         3
 Summon Guardian Golem    Hex/Summ       1%         N/A       47%         3
 Tukima's Dance           Hex            1%         N/A       47%         3
 Arcjolt                  Conj/Air       9%         1d19      58%         5
 Lightning Bolt           Conj/Air       9%         1d21      58%         5
 Blade Hands              Tmut           0%         N/A       99%         5
 Orb of Destruction       Conj           7%         9d6       100%        7
 Spellforged Servitor     Conj/Summ      4%         N/A       100%        7


Dungeon Overview and Level Annotations

Branches:
Dungeon (3/15)            Ossuary (1/1)

Altars:

Shops:
D:1 (


Innate Abilities, Weirdness & Mutations

You have a beak for a mouth.
You have claws for feet.
Your magical nature lets you fly swiftly and evasively.


Message History

The zap hits the mummy.
The mummy is severely damaged.
You hit the mummy. Your kick misses the mummy.
The mummy is severely damaged.
The mummy closely misses you. The mummy hits you!
You hit the mummy but do no damage. You claw the mummy, but do no damage.
The mummy is severely damaged.
The mummy hits you.
You barely miss the mummy. You claw the mummy, but do no damage.
You peck the mummy, but do no damage.
The mummy is severely damaged.
The mummy closely misses you.
You hit the mummy but do no damage. Your peck misses the mummy.
The mummy is severely damaged.
The mummy hits you!
* * * LOW HITPOINT WARNING * * *
The mummy barely misses you.
You feel better. The mummy misses you.
Casting: Shock (safe; 2% risk of failure)
Confirm with . or Enter, or press ? or * to list all spells.
Aiming: Shock (safe; 2% risk of failure)
Press: ? - help, Shift-Dir - straight line, f/p - mummy
Aim: a mummy (severely damaged, 86% to hit)
The zap hits the mummy but does no damage.
The mummy is severely damaged.
The zap hits the centaur zombie.
The centaur zombie is lightly damaged.
The mummy misses you.
Casting: Shock (safe; 2% risk of failure)
Confirm with . or Enter, or press ? or * to list all spells.
Aiming: Shock (safe; 2% risk of failure)
Press: ? - help, Shift-Dir - straight line, f/p - mummy
Aim: a mummy (severely damaged, 86% to hit)
The zap hits the mummy.
You destroy the mummy!
The zap hits the centaur zombie.
The centaur zombie is lightly damaged.
The mummy hits you!
Ouch! That really hurt!
You die...

## #
###########.#.#.
##@Z...........Z.
#..M........^.^.^
#.....∩.∩........
#..........^..Z.^
##..............^
###########.#.#.
## #


You could see a mummy and a centaur zombie.

Vanquished Creatures
  2 mummies (Ossuary)
  Robin (D:3)
  3 adders
  4 worms (D:2)
  A dart slug (D:2)
  6 ball pythons
  5 endoplasms
  3 giant cockroaches
  7 goblins
  9 hobgoblins
  5 kobolds
  4 quokkas
  6 bats
  A frilled lizard (D:1)
  6 rats
63 creatures vanquished.

Notes
Turn   | Place    | Note
-------+----------+-------------------------------------------
     0 | D:1      | Essalna the Tengu Air Elementalist began the quest for the
                  | Orb.
     0 | D:1      | Reached XP level 1. HP: 10/10 MP: 4/4
   197 | D:1      | Reached XP level 2. HP: 16/16 MP: 3/6
   348 | D:1      | Reached skill level 1 in Fighting
   639 | D:1      | Found Usiedyw's Antique Weapon Emporium.
   646 | D:1      | Reached XP level 3. HP: 20/20 MP: 1/7
  1552 | D:2      | Reached XP level 4. HP: 26/26 MP: 0/8
  1841 | D:2      | Reached skill level 5 in Air Magic
  2697 | D:3      | Noticed Robin
  2771 | D:3      | Killed Robin
  2829 | D:3      | Gained mutation: Your magical nature lets you fly swiftly
                  | and evasively. [Tengu growth]
  2829 | D:3      | Reached XP level 5. HP: 31/31 MP: 4/9
  2969 | D:3      | You are sucked into a shaft and drop 1 floor!
  2974 | D:4      | Found a sand-covered staircase.
  2982 | Ossuary  | Entered an ossuary
  3002 | Ossuary  | Slain by a mummy

Illustrated notes

Levels and vault maps discovered:
D:1:      dpeg_arrival_boxes_within_box, layout_basic, serial_shops, shop
D:2:      layout_loops_corners, nicolae_hexahallways
D:3:      layout_basic, chequers_ecumenical_altar_simple,
          grunt_decor_one_mirror, uniq_robin
D:4:      layout_basic, nicolae_ossuary_entry_plus, serial_undead,
          serial_undead_d, serial_undead_b, serial_undead_a, serial_undead_a,
          uniq_natasha, uniq_grinder
Ossuary:  ossuary_the_hunt_dpeg

Skill      XL: |  1  2  3  4 |
---------------+-------------+-----
Conjurations   | 2 3 |  3.7
Fighting       | 1 2 |  2.5
Air Magic      | 5 |  5.3
Dodging        | |  2.1
Stealth        | |  2.0
Spellcasting   | |  2.0

Action                   |  1- 3 |  4- 6 || total
-------------------------+-------+-------++-------
Melee: Unarmed           |     8 |       ||     8
       Staff             |     2 |     8 ||    10
       Kick              |     1 |     3 ||     4
       Peck              |     1 |     1 ||     2
 Cast: Shock             |    89 |    63 ||   152
  Use: Scroll            |     2 |       ||     2
       Potion            |       |     1 ||     1
 Stab: Sleeping          |     1 |       ||     1
Armor: Robe              |     3 |     4 ||     7
Dodge: Dodged            |    19 |     9 ||    28

Table legend: (Time is in decaauts)
 A = Elapsed time spent in this place.
 B = Non-inter-level travel time spent in this place.
 C = Inter-level travel time spent in this place.
 D = Time resting spent in this place.
 E = Time spent auto-exploring this place.
 F = Levels seen in this place.
 G = Mean time per level.
                   A        B        C        D        E       F      G
               +--------+--------+--------+--------+--------+-----+--------+
         Total |   2979 |   2818 |    161 |     13 |   2404 |   5 |  595.8 |
       Dungeon |   2959 |   2798 |    161 |     13 |   2404 |   4 |  739.8 |
       Ossuary |     20 |     20 |      0 |      0 |      0 |   1 |   20.0 |
               +--------+--------+--------+--------+--------+-----+--------+

Top non-repeatable levels by time:
     D:2: 1339 daAuts
     D:1: 1165 daAuts
     D:3: 443 daAuts
 Ossuary: 20 daAuts
     D:4: 11 daAuts
